 Dungeon Crawl Stone Soup version 0.21.1-1-g345015f (webtiles) character file.

63 Wander the Changer (level 3, -1/32 HPs)
             Began as a Troll Transmuter on May 5, 2018.
             Slain by a kobold
             ... wielding a +0 short sword
              (5 damage)
             ... on level 2 of the Dungeon.
             The game lasted 00:01:55 (1208 turns).

Wander the Changer (Troll Transmuter)               Turns: 1208, Time: 00:01:56

Health: -1/32      AC:  5    Str: 18    XL:     3   Next: 89%
Magic:  2/3        EV: 10    Int: 10    God:
Gold:   53         SH:  0    Dex: 10    Spells: 3/4 levels left

rFire    . . .     SeeInvis .     - Unarmed
rCold    + . .     Gourm    +   (no shield)
rNeg     . . .     Faith    .   b - +0 robe
rPois    .         Spirit   .   (helmet restricted)
rElec    .         Reflect  .   (no cloak)
rCorr    .         Harm     .   (gloves unavailable)
MR       .....                  (boots unavailable)
Stlth    +.........             (no amulet)
HPRegen  0.50/turn              f - ring of protection from cold
MPRegen  0.08/turn              (no ring)

@: appendage (expiring)
A: large, unfitting armour, claws 3, horns 2, fast metabolism 3, gourmand,
regeneration 1, shaggy fur 1, tough skin 2
a: End Transformation


You were on level 2 of the Dungeon.
You were very full.
You had grown temporary horns.
You visited 1 branch of the dungeon, and saw 2 of its levels.

You collected 53 gold pieces.

Inventory:

Missiles
 a - 12 arrows
 n - 2 large rocks (quivered)
Armour
 b - a +0 robe (worn)
Jewellery
 f - a ring of protection from cold (left claw)
Scrolls
 e - 3 scrolls of noise {unknown}
 g - 2 scrolls of remove curse {unknown}
 h - 2 scrolls of blinking {unknown}
 i - a scroll of random uselessness {unknown}
 m - 2 scrolls of identify {unknown}
Potions
 k - a potion of might {unknown}
 l - a potion of magic {unknown}
Books
 c - a book of Changes

   Spells                             Type                      Level
   a - Beastly Appendage              Transmutation                1
   b - Sticks to Snakes               Transmutation                2
   c - Spider Form                    Transmutation/Poison         3
   d - Ice Form                       Ice/Transmutation            4
   e - Blade Hands                    Transmutation                5
Comestibles
 d - 6 rations
 j - 3 chunks of flesh


   Skills:
 - Level 0.7 Fighting
 - Level 1.5 Dodging
 - Level 3.0 Unarmed Combat
 - Level 1.2 Spellcasting
 + Level 3.2 Transmutations


You had 3 spell levels left.
You knew the following spells:

 Your Spells              Type           Power        Failure   Level  Hunger
a - Beastly Appendage     Tmut           #.....       9%          1    ##.....


Dungeon Overview and Level Annotations

Branches:
Dungeon (2/15)

Altars:


Innate Abilities, Weirdness & Mutations

You are too large for most types of armour.
You have claws for hands.
Your metabolism is lightning-fast.
You like to eat raw meat.
Your natural rate of healing is unusually fast.
You are covered in fur. (AC +1)
You have very tough skin. (AC +2)
You have a pair of horns on your head.


Message History

The kobold hits you with a short sword. The worm barely misses you.
You see here an adder corpse.
You scratch the worm.
The worm is moderately wounded.
The kobold hits you with a short sword.
You barely miss the worm.
The worm is moderately wounded.
The kobold closely misses you. The worm bites you!
You scratch the worm.
The worm is heavily wounded.
The kobold hits you but does no damage. The worm bites you.
You barely miss the worm.
The worm is heavily wounded.
The kobold hits you with a short sword.
You scratch the worm. You headbutt the worm.
The worm is almost dead.
The kobold hits you but does no damage. The worm bites you!
* * * LOW HITPOINT WARNING * * *
The kobold hits you with a short sword.
You die...

.....# #....# ...(..
#####....#
......###........# #####
..........###..).# #...#
#...#.....##....# #...#
#.............## ##..##
...#.#..######...# ##....>
#.(...#.##K.###..###....#
##......(@†w.###......#.##
#.....#...#...##..........
.........##....#..##...###
##......## ##..#..#...##
#....#.# ##..##....###
#......# #...##...#
#...##.. .........# ###
...# ## ......#..# ###..
##. #........###....


You could see a worm and a kobold.

Vanquished Creatures
  2 adders (D:2)
  3 worms (D:2)
  2 dart slugs (D:1)
  2 leopard geckos (D:1)
  3 ball pythons
  A goblin (D:2)
  2 hobgoblins (D:1)
  4 jackals (D:1)
  2 kobolds (D:1)
  2 quokkas (D:2)
  3 bats
  A frilled lizard (D:1)
  3 rats
30 creatures vanquished.

Notes
Turn   | Place    | Note
-------+----------+-------------------------------------------
     0 | D:1      | Wander the Troll Transmuter began the quest for the Orb.
     0 | D:1      | Reached XP level 1. HP: 18/18 MP: 1/1
   233 | D:1      | Reached XP level 2. HP: 21/26 MP: 2/2
   883 | D:2      | Reached XP level 3. HP: 12/32 MP: 3/3
  1208 | D:2      | Slain by a kobold

Skill      XL: |  1  2  3 |
---------------+----------+-----
Transmutations | 2 3 |  3.2
Fighting       | |  0.7
Dodging        | |  1.5
Unarmed Combat | |  3.0
Spellcasting   | |  1.2

Action                   || total
-------------------------++-------
Melee: Unarmed           ||   105
       Headbutt          ||     1
 Cast: Beastly Appendage ||     1
 Stab: Sleeping          ||     1
  Eat: Chunk             ||    16
Armor: Robe              ||    47
Dodge: Dodged            ||    52
